 Dungeon Crawl Stone Soup version 0.31-a0-1620-gcbf77bbcfc (webtiles) character file.

Game seed: 10526810054997288620

7522 Newt the Basher (level 11, -14/68 HPs)
             Began as a Kobold Hunter on Jan 11, 2024.
             Was a Priest of Okawaru.
             Demolished by an orc knight
             ... wielding a +0 halberd
              (16 damage)
             ... in a bailey.
             The game lasted 00:10:54 (7994 turns).

Newt the Basher (Kobold Hunter)                     Turns: 7994, Time: 00:10:55

Health: -14/68     AC: 14    Str: 16    XL:     11   Next: 38%
Magic:  24/24      EV: 22    Int: 10    God:    Okawaru [***...]
Gold:   675        SH:  0    Dex: 22    Spells: 10/10 levels left

rFire   + + .        m - +8 whip "Snakebite" {venom, curare, rPois}
rCold   + + .        i - orb {mayhem}
rNeg    . . .        u - +2 leather armour of Azeq {rCorr MP+9 Stlth-}
rPois   +            (no helmet)
rElec   +            (no cloak)
rCorr   +            q - +4 pair of gloves of Daisies {rF+ rC+}
SInv    .            (no boots)
Will    .....        I - amulet of regeneration
Stlth   ++           e - +4 ring of protection
HPRegen 1.11/turn    k - +6 ring of strength
MPRegen 0.19/turn

%: mayhem
@: resistant, invisible
A: small, no large weapons, nightstalker 3
a: Renounce Religion, Heroism


You were in a bailey.
You worshipped Okawaru.
Okawaru was most pleased with you.
You visited 2 branches of the dungeon, and saw 10 of its levels.
You also visited: Bailey.

You collected 703 gold pieces.
You spent 28 gold pieces at shops.

Inventory:

Hand Weapons
 a - a +0 shortbow of chaos
 m - the +8 whip "Snakebite" (weapon) {venom, curare, rPois}
   (You took it off a kobold on level 2 of the Dungeon)

   rPois:     It protects you from poison
Missiles
 y - 3 throwing nets (quivered)
Armour
 c - a +1 leather armour
 i - an orb of mayhem (worn)
 q - the +4 pair of gloves of Daisies (worn) {rF+ rC+}
   (You found it on level 3 of the Dungeon)

   rF+:       It protects you from fire.
   rC+:       It protects you from cold.
 u - the +2 leather armour of Azeq (worn) {rCorr MP+9 Stlth-}
   (You found it on level 4 of the Dungeon)

   MP+9:      It affects your magic capacity (+9).
   rCorr:     It protects you from acid and corrosion.
   Stlth-:    It makes you less stealthy.
Jewellery
 e - a +4 ring of protection (left hand)
 j - a ring of positive energy
 k - a +6 ring of strength (right hand)
 w - a ring of fire
 D - a ring of magical power
 E - a ring of protection from fire
 G - a ring of resist corrosion
 H - an amulet of the acrobat
 I - an amulet of regeneration (around neck)
Wands
 t - a wand of polymorph (17)
 A - a wand of acid (9)
 B - a wand of roots (7)
Scrolls
 b - a scroll of butterflies
 g - 2 scrolls of revelation
 n - a scroll of silence
 o - a scroll of vulnerability
 r - 3 scrolls of enchant weapon
 s - 2 scrolls of amnesia
 v - 2 scrolls of poison
 x - 2 scrolls of teleportation
 z - 3 scrolls of enchant armour
 F - a scroll of blinking
Potions
 d - 4 potions of heal wounds
 f - a potion of brilliance
 h - 4 potions of invisibility
 l - a potion of curing
 p - a potion of degeneration {unknown}
 C - a potion of haste
 J - 2 potions of resistance
 K - a potion of might {unknown}
 L - a potion of mutation {unknown}
 M - 2 potions of magic {unknown}


   Skills:
 - Level 8.0 Fighting
 - Level 10.0 Maces & Flails
 - Level 5.3 Ranged Weapons
 - Level 10.0 Dodging
 - Level 1.3 Stealth
 + Level 5.7 Invocations
 - Level 6.0 Evocations


You had 10 spell levels left.
You didn't know any spells.
Your spell library contained the following spells:

 Spells                   Type           Power      Damage    Failure   Level
 Magic Dart               Conj           0%         1d3       43%         1
 Shock                    Conj/Air       0%         1d3       43%         1
 Sting                    Conj/Alch      0%         1d3       43%         1
 Blink                    Tloc           0%         N/A       56%         2
 Mercury Vapours          Alch/Air       0%         N/A       56%         2
 Sublimation of Blood     Necr           0%         N/A       56%         2
 Swiftness                Air            0%         N/A       80%         3
 Airstrike                Air            0%         2d(0-16)  99%         4
 Anguish                  Hex/Necr       0%         N/A       99%         4
 Cause Fear               Hex            0%         N/A       99%         4
 Dimensional Bullseye     Hex/Tloc       0%         N/A       99%         4
 Iskenderun's Mystic Bla  Conj/Tloc      0%         2d3       99%         4
 Olgreb's Toxic Radiance  Alch           0%         N/A       99%         4
 Enfeeble                 Hex            0%         N/A       100%        7
 Call Imp                 Summ           Unusable   N/A       N/A         2
 Tukima's Dance           Hex            Unusable   N/A       N/A         3
 Summon Hydra             Summ           Unusable   N/A       N/A         7

Dungeon Overview and Level Annotations

Branches:
Dungeon (9/15)             Temple (1/1) D:7            Lair (0/5) D:8
 Bailey (1/1)
    Orc: D:9-12

Altars:
Ashenzari
Cheibriados
Dithmenos
Elyvilon
Fedhas
Gozag
Hepliaklqana
Makhleb
Nemelex Xobeh
Okawaru
Qazlal
Ru
Sif Muna
Trog
Uskayaw
Vehumet
Wu Jian
Xom
Yredelemnul
Zin
The Shining One

Shops:
D:2 ?

Annotations:
D:4 1 runed translucent door, Azoth's ghost, amateur DsNe


Innate Abilities, Weirdness & Mutations

You are small and have problems with some larger weapons.
You are completely attuned to the shadows.


Message History

You catch the helpless orc knight completely off-guard!
You hit the orc knight.
The orc knight looks as sick as possible!
The orc knight is heavily wounded.
The orc knight completely misses you. x2
You strike the helpless orc knight from behind!
You hit the orc knight but do no damage.
The orc knight is heavily wounded.
The orc knight barely misses you.
You catch the helpless orc knight completely off-guard!
You hit the orc knight.
The orc knight is heavily wounded.
You barely miss the orc knight.
The orc knight hits you with a +0 halberd!
You hit the orc knight but do no damage.
You strike the helpless orc knight from behind!
You hit the orc knight.
The orc knight is lightly wounded.
The orc knight completely misses you. The orc knight closely misses you.
You hit the orc knight but do no damage.
The orc knight is poisoned.
The orc knight is lightly wounded.
The orc knight misses you.
You barely miss the orc knight.
The orc knight is lightly wounded.
The orc knight completely misses you.
You barely miss the orc knight.
The orc knight is lightly wounded.
The orc knight hits you with a +0 halberd!!
You hit the orc knight but do no damage.
The orc knight looks as sick as possible!
The orc knight is severely wounded.
You catch the helpless orc knight completely off-guard!
You hit the orc knight.
The orc knight looks as sick as possible!
The orc knight is severely wounded.
The orc knight hits you with a +0 trident!!
* * * LOW HITPOINT WARNING * * *
The orc knight hits you with a +0 halberd!
You die...

#### #######
#.....#########.....#
.......#.....#.......
..##)..'.....').#)...
..8.)).'.....)..@o...
..##)).'.....').#o...
...))).#.....#.......
#....)#########.....#
####### #######


You could see 2 orc knights.

Vanquished Creatures
  Pikel (D:5)
  A kobold demonologist (D:8)
  A rime drake (D:8)
  2 polar bears (D:8)
  A vampire (D:8)
  A wyvern (D:7)
  2 steam dragons
  Grum (D:8)
  2 water moccasins
  2 sky beasts
  4 orc warriors
  5 ice beasts
  2 ogres
  3 wolves (D:8)
  3 centaurs
  A phantom (D:6)
  2 kobold brigands
  5 bullfrogs
  5 gnoll sergeants
  2 scorpions
  A howler monkey (D:9)
  4 bombardier beetles
  10 hounds
  4 gnoll boudas
  3 jellies
  4 orc priests
  Crazy Yiuf (D:5)
  2 sleepcaps
  4 iguanas
  6 orc wizards
  25 gnolls
  11 adders
  A shadow imp (D:8)
  4 white imps
  2 dart slugs
  A ribbon worm (D:2)
  43 orcs
  5 bats
  4 endoplasms
  2 giant cockroaches (D:2)
  12 goblins
  7 hobgoblins
  A jackal (D:8)
  10 kobolds
  2 quokkas
  4 ball pythons
  A frilled lizard (D:1)
  5 rats
225 creatures vanquished.

Vanquished Creatures (collateral kills)
  A centaur warrior (D:8)
  An orc warrior (D:7)
  A centaur (D:7)
  A wight (D:8)
  An orc wizard (D:9)
  12 gnolls
  8 orcs
  2 kobolds
27 creatures vanquished.

Vanquished Creatures (others)
  2 orc warriors
  A gnoll (D:6)
  3 orcs
6 creatures vanquished.

Grand Total: 258 creatures vanquished

Notes
Turn   | Place    | Note
-------+----------+-------------------------------------------
     0 | D:1      | Newt the Kobold Hunter began the quest for the Orb.
     0 | D:1      | Reached XP level 1. HP: 12/12 MP: 1/1
   267 | D:1      | Reached XP level 2. HP: 18/18 MP: 2/2
   735 | D:2      | Reached XP level 3. HP: 15/24 MP: 3/3
   787 | D:2      | Found Qiont's Magic Scroll Shoppe.
   794 | D:2      | Bought a scroll of identify for 28 gold pieces
  1013 | D:2      | Reached XP level 4. HP: 30/30 MP: 4/4
  1250 | D:2      | Found a shadowy altar of Dithmenos.
  1616 | D:3      | Identified the +4 pair of gloves of Daisies {rF+ rC+}
  1652 | D:3      | Reached skill level 5 in Fighting
  1794 | D:3      | Found a faded altar of an unknown god.
  1840 | D:3      | Reached skill level 1 in Maces & Flails
  1841 | D:3      | Reached XP level 5. HP: 35/35 MP: 5/5
  2013 | D:3      | Found a sacrificial altar of Ru.
  2173 | D:4      | Identified the +2 leather armour of Azeq {rCorr MP+9
                  | Stlth-}
  2367 | D:4      | Found a runed translucent door.
  2367 | D:4      | Noticed Azoth's ghost (amateur DsNe)
  2389 | D:4      | Noticed an ogre
  2394 | D:4      | Killed an ogre
  2395 | D:4      | Reached XP level 6. HP: 40/40 MP: 6/6
  2656 | D:4      | Found a glowing golden altar of the Shining One.
  2787 | D:5      | Entered Level 5 of the Dungeon
  2873 | D:5      | Reached XP level 7. HP: 44/44 MP: 7/7
  2930 | D:5      | Noticed a water moccasin
  2938 | D:5      | Killed a water moccasin
  2939 | D:5      | Reached skill level 5 in Maces & Flails
  3295 | D:5      | Reached XP level 8. HP: 49/49 MP: 8/8
  3333 | D:5      | Noticed Pikel
  3344 | D:5      | Killed Pikel
  3373 | D:5      | Found a runed translucent door.
  3376 | D:5      | Noticed Crazy Yiuf
  3381 | D:5      | Killed Crazy Yiuf
  3754 | D:6      | Reached skill level 5 in Dodging
  3754 | D:6      | Reached XP level 9. HP: 43/54 MP: 9/9
  4977 | D:6      | Found a radiant altar of Vehumet.
  5174 | D:6      | Found a blossoming altar of Fedhas.
  5396 | D:7      | Reached skill level 10 in Maces & Flails
  5397 | D:7      | Reached XP level 10. HP: 49/59 MP: 10/10
  5497 | D:7      | Found a glowing silver altar of Zin.
  5911 | D:7      | Found a staircase to the Ecumenical Temple.
  6062 | Temple   | Entered the Ecumenical Temple
  6077 | Temple   | Became a worshipper of Warmaster Okawaru
  6452 | D:8      | Noticed a rime drake
  6469 | D:8      | Reached skill level 10 in Dodging
  6475 | D:8      | Killed a rime drake
  6475 | D:8      | Reached * piety under Okawaru
  6494 | D:8      | Reached skill level 5 in Evocations
  6609 | D:8      | Found a staircase to the Lair.
  6688 | D:8      | Reached ** piety under Okawaru
  6732 | D:8      | Noticed a centaur warrior
  6738 | D:8      | Killed a centaur warrior
  6739 | D:8      | Reached XP level 11. HP: 63/66 MP: 11/11
  6768 | D:8      | Reached skill level 1 in Invocations
  6936 | D:8      | Reached *** piety under Okawaru
  7259 | D:8      | Found a broken altar of Ashenzari.
  7613 | D:8      | Noticed Grum
  7617 | D:8      | Killed Grum
  7709 | D:9      | Reached skill level 5 in Invocations
  7717 | D:9      | Found a flagged portal.
  7727 | Bailey   | Entered a bailey
  7957 | Bailey   | Noticed an orc knight
  7957 | Bailey   | Noticed an orc knight
  7994 | Bailey   | HP: 2/68 [orc knight/+0 trident (27)]
  7994 | Bailey   | Demolished by an orc knight

Illustrated notes

Levels and vault maps discovered:
D:1:      ebering_trefoil_twist, layout_basic
D:2:      layout_rooms, serial_corexii_hall, corexii_hall_statues_u,
          corexii_hall_statues_l, basic_altar, serial_shops, nicolae_shop_stone
D:3:      layout_loops_ring, lemuel_coloured_pillars_altar,
          ebering_ecumenical_altar_abandoned
D:4:      layout_rooms, tso_altar, hellmonk_ghost_happy_afterlife
D:5:      layout_loops_ring, minmay_misc_feat_diagonals,
          nicolae_elevator_lobby_asterisk, uniq_crazy_yiuf_cottage, uniq_pikel
D:6:      layout_basic, mainiacjoe_overflow_surrounded_room,
          fedhas_ov_isle_minmay, serial_co_window_serial, co_window_paths_a,
          co_window_corner_a, co_window_paths_b, co_window_corner_a,
          co_window_paths_a, co_window_of_opportunity_c,
          co_window_of_opportunity_b, co_window_paths_c, co_window_paths_c,
          co_window_unsneaky_path_a, co_window_broadway_a, co_window_paths_c
D:7:      lemuel_ice_spiral_2, layout_rooms, mainiacjoe_overflow_boulevard,
          minmay_temple_entry_grid
D:8:      cheibrodos_fzero, layout_cave_pools, evilmike_ruin_ashenzari,
          hellmonk_lair_entry_icy, serial_gnoll_camp, gnoll_camp_mini_sergeant,
          grums_kennel, gnoll_camp_mini_basic, minmay_misc_feat_pillars
D:9:      layout_loops_corners, enter_bailey_5, uniq_maurice
Temple:   eino_wide_crystal_templ
Bailey:   bailey_polearm_5, bailey

Skill      XL: |  1  2  3  4  5  6  7  8  9 10 11 |
---------------+----------------------------------+-----
Fighting       | 3 4 5 6 8 |  8.0
Maces & Flails | 1 3 4 6 7 10 | 10.0
Dodging        | 5 7 10 | 10.0
Evocations     | 6 |  6.0
Invocations    | 5 |  5.7
Ranged Weapons | |  5.3
Stealth        | |  1.3

Action                     |  1- 3 |  4- 6 |  7- 9 | 10-12 || total
---------------------------+-------+-------+-------+-------++-------
  Melee: Whip              |       |    80 |   179 |   347 ||   606
         Punch             |       |     1 |       |       ||     1
   Fire: Shortbow          |    73 |       |       |       ||    73
    Use: Scroll            |     4 |     8 |     2 |     4 ||    18
         Potion            |       |     1 |       |     4 ||     5
   Stab: Sleeping          |       |    12 |     6 |     1 ||    19
         Distracted        |       |     1 |       |     5 ||     6
         Invisible         |       |       |       |    11 ||    11
 Armour: Leather armour    |    16 |    22 |    57 |   102 ||   197
  Dodge: Dodged            |    26 |    46 |   126 |   266 ||   464

Table legend: (Time is in decaauts)
 A = Elapsed time spent in this place.
 B = Non-inter-level travel time spent in this place.
 C = Inter-level travel time spent in this place.
 D = Time resting spent in this place.
 E = Time spent auto-exploring this place.
 F = Levels seen in this place.
 G = Mean time per level.
                   A        B        C        D        E       F      G
               +--------+--------+--------+--------+--------+-----+--------+
         Total |   7821 |   7552 |    269 |    988 |   5344 |  11 |  711.0 |
       Dungeon |   7548 |   7309 |    239 |    862 |   5336 |   9 |  838.7 |
        Temple |     30 |      1 |     29 |      0 |      0 |   1 |   30.0 |
        Bailey |    241 |    241 |      0 |    126 |      8 |   1 |  241.0 |
               +--------+--------+--------+--------+--------+-----+--------+

Top non-repeatable levels by time:
     D:6: 1629 daAuts
     D:8: 1441 daAuts
     D:5: 869 daAuts
     D:3: 749 daAuts
     D:1: 733 daAuts
     D:7: 724 daAuts
     D:2: 669 daAuts
     D:4: 650 daAuts
  Bailey: 241 daAuts
     D:9: 81 daAuts
  Temple: 30 daAuts
